AoeStats
← santiago94

African Clearing

506737833Analyzed
3v3 RM · 16d ago on Sep 14, 2026· 28m 29s· 6 players
Game mode
Random Map
Map size
Normal (6 player)
Population
200
Speed
Normal
Resources
Standard
Victory
Conquest
Starting age
Dark Age
Ending age
Imperial Age
RankedLock teamsTeams togetherTeam positionsShared explorationLock speedFull tech treeHidden civsTurbo modeCheats
Victory
Defeat
🇺🇸 Dravidians · United States
954
+13
🇺🇸 Tatars · United States
949
+13
🇧🇷 Georgians · Brazil
921
+14
🇦🇷 Huns · Argentina
1154
-23
🇦🇷 Byzantines · Argentina
774
-9
🇲🇽 Byzantines · Mexico
743
-8
Walter White
3:46 Loom
15:33 Feudal Age
16:21 Man-at-Arms
20:55 Castle Age
19:26 Horse Collar
20:07 Double-Bit Axe
21:10 Long Swordsman
23:33 Scale Mail Armor
26:05 Squires
27:25 Chain Mail Armor
RHMM16
14:03 Feudal Age
18:57 Castle Age
19:14 Stone Mining
19:12 Double-Bit Axe
19:21 Gold Mining
19:14 Horse Collar
yzainc
4:14 Loom
14:35 Feudal Age
20:23 Castle Age
18:35 Fletching
19:39 Padded Archer Armor
20:51 Elite Skirmisher
santiago94
12:49 Loom
13:46 Loom
17:28 Feudal Age
18:49 Gold Mining
19:51 Wheelbarrow
20:38 Double-Bit Axe
20:36 Horse Collar
28:02 Castle Age
26:01 Arson
28:22 Forging
28:17 Scale Mail Armor
LuluX
12:36 Loom
14:36 Feudal Age
19:00 Castle Age
17:00 Double-Bit Axe
18:29 Fletching
19:50 Padded Archer Armor
20:12 Bow Saw
NicoPereiira
3:57 Loom
10:07 Loom
13:03 Feudal Age
14:11 Double-Bit Axe
15:22 Horse Collar
17:31 Wheelbarrow
24:30 Castle Age
Connection lost

Rejoining the realm…

Still unreachable

The connection could not be restored.

Session expired

The server has moved on; the page needs a fresh start.